 Dungeon Crawl Stone Soup version 0.31-a0-618-g7ca08c1ff9 (webtiles) character file.

Game seed: 14242123387694325336

87 Dittersdorf the Covered (level 4, 0/29 HPs)
             Began as a Gargoyle Fighter on Aug 22, 2023.
             Killed from afar by Robin (5 damage)
             ... with a puff of flame
             ... on level 2 of the Dungeon.
             The game lasted 00:02:17 (1366 turns).

Dittersdorf the Covered (Gargoyle Fighter)          Turns: 1366, Time: 00:02:17

Health: 0/29       AC: 13    Str: 21    XL:     4   Next: 51%
Magic:  4/4        EV:  8    Int:  9    God:
Gold:   124        SH:  4    Dex:  9    Spells: 3/3 levels left

rFire   . . .        a - +0 flail
rCold   . . .        c - +0 buckler
rNeg    + . .        k - +0 chain mail
rPois   ∞            (no helmet)
rElec   +            (no cloak)
rCorr   .            (no gloves)
SInv    .            (no boots)
Will    .....        (no amulet) Stlth
                     (no ring)
HPRegen 0.24/turn    (no ring)
MPRegen 0.09/turn

%: no passive effects
@: no status effects
A: sickness immunity, AC +3, negative energy resistance 1, electricity
resistance, torment resistance 1, petrification resistance
a: no special abilities


You were on level 2 of the Dungeon.
You visited 1 branch of the dungeon, and saw 2 of its levels.

You collected 124 gold pieces.

Inventory:

Hand Weapons
 a - a +0 flail (weapon)
Missiles
 i - 2 curare-tipped darts (quivered)
Armour
 c - a +0 buckler (worn)
 k - a +0 chain mail (worn)
Scrolls
 h - a scroll of poison {unknown}
Potions
 d - a potion of might
 e - a potion of lignification {unknown}
 f - a potion of curing {unknown}
 g - 2 potions of brilliance {unknown}
 j - 2 potions of cancellation {unknown}


   Skills:
 + Level 4.0 Fighting
 + Level 2.8 Maces & Flails
 + Level 4.0 Armour
 + Level 4.0 Shields


You had 3 spell levels left.
You didn't know any spells.
Your spell library was empty.

Dungeon Overview and Level Annotations

Branches:
Dungeon (2/15)

Altars:

Shops:
D:1 [

Annotations:
D:2 1 runed translucent door, Crazy Yiuf, Robin


Innate Abilities, Weirdness & Mutations

You are immune to sickness and miasma.
Your stone body is resilient. (AC +3)
You are immune to poison.
You resist negative energy. (rN+)
You are resistant to electric shocks. (rElec)
You are resistant to unholy torment.
You are immune to petrification.


Message History

The goblin hits you with a +0 dagger.
* * * LOW HITPOINT WARNING * * *
You closely miss the goblin. The goblin closely misses you.
You closely miss the goblin. The goblin barely misses you.
Robin says, "Kneel, worm!"
The goblin hits you with a +0 dagger.
* * * LOW HITPOINT WARNING * * *
You closely miss the goblin.
The goblin no longer looks unusually strong. x2
The goblin hits you but does no damage.
You barely miss the goblin.
The hobgoblin no longer looks unusually strong.
The goblin hits you with a +0 dagger.
* * * LOW HITPOINT WARNING * * *
You sock the goblin!
You kill the goblin!
Robin roars a battlecry!
The goblins go into a battle-frenzy!
The hobgoblin hits you but does no damage.
Your Fighting skill increases to level 4!
You barely miss the hobgoblin. You block the hobgoblin's attack.
You barely miss the hobgoblin. The hobgoblin barely misses you.
You barely miss the hobgoblin.
The hobgoblin hits you but does no damage.
You hit the hobgoblin.
You kill the hobgoblin!
The goblin barely misses you.
You closely miss the goblin.
Robin says, "My goblins will feast on your bones."
The goblin hits you but does no damage.
You barely miss the goblin. The goblin hits you with a +0 dagger.
* * * LOW HITPOINT WARNING * * *
You hit the goblin.
You kill the goblin!
The goblin barely misses you.
You sock the goblin!
You kill the goblin!
Robin zaps a wand.
The puff of flame hits you.
You die...
Robin lets out a smug laugh.

..#.....#.#...#...#.#.....#
..####.##.#########.#######
##......#.).........#
##.####.#.#########.# # .#
#.#.#...#[..#.#
##.####.#.###.#.###.#
........#.....#.....#
.#.####.############# .# .#
.....##.......##@# #.##.##
##.......####.##)# .......
#.#............g#######.......
...................rg...g.....
.................#######gg.....
..................).g###.......
......#..####.##.###gb)S.r!....
......##.# #..#.# #####gg.....
..... #.. #..#.# .......


You could see Robin.

Vanquished Creatures
  2 adders (D:2)
  2 worms (D:2)
  5 dart slugs
  5 bats
  2 endoplasms (D:1)
  3 giant cockroaches
  5 hobgoblins
  2 quokkas (D:2)
  A ball python (D:1)
  3 frilled lizards
  15 goblins
  4 kobolds
  3 rats
52 creatures vanquished.

Notes
Turn   | Place    | Note
-------+----------+-------------------------------------------
     0 | D:1      | Dittersdorf the Gargoyle Fighter began the quest for the
                  | Orb.
     0 | D:1      | Reached XP level 1. HP: 14/14 MP: 1/1
    31 | D:1      | Found Dogroh's Armour Shoppe.
   151 | D:1      | Reached XP level 2. HP: 19/19 MP: 2/2
   502 | D:1      | Reached XP level 3. HP: 23/23 MP: 3/3
   687 | D:1      | Found a faded altar of an unknown god.
   778 | D:2      | Found a runed translucent door.
   779 | D:2      | Noticed Crazy Yiuf
  1157 | D:2      | Reached XP level 4. HP: 29/29 MP: 4/4
  1287 | D:2      | Noticed Robin
  1366 | D:2      | Killed from afar by Robin

Illustrated notes

Levels and vault maps discovered:
D:1:      eino_arrival_druids_welcome, layout_loops_ring,
          dilly_ecumenical_altar_fadedgnrine, serial_shops, nicolae_square_shop,
          kennysheep_another_room, dreamdust_wishing_well
D:2:      mumra_celtic_spiral_tile, layout_rooms, uniq_robin,
          uniq_crazy_yiuf_cottage

Skill      XL: |  1  2  3  4 |
---------------+-------------+-----
Armour         | 4 |  4.0
Shields        | 4 |  4.0
Fighting       | 4 |  4.0
Maces & Flails | |  2.8

Action                     |  1- 3 |  4- 6 || total
---------------------------+-------+-------++-------
  Melee: Flail             |   119 |    71 ||   190
 Armour: Scale mail        |    56 |       ||    56
         Chain mail        |       |    60 ||    60
  Dodge: Dodged            |    59 |    27 ||    86
  Block: Buckler           |    19 |    18 ||    37

Table legend: (Time is in decaauts)
 A = Elapsed time spent in this place.
 B = Non-inter-level travel time spent in this place.
 C = Inter-level travel time spent in this place.
 D = Time resting spent in this place.
 E = Time spent auto-exploring this place.
 F = Levels seen in this place.
 G = Mean time per level.
                   A        B        C        D        E       F      G
               +--------+--------+--------+--------+--------+-----+--------+
         Total |   1424 |   1364 |     60 |      0 |    981 |   2 |  712.0 |
       Dungeon |   1424 |   1364 |     60 |      0 |    981 |   2 |  712.0 |
               +--------+--------+--------+--------+--------+-----+--------+

Top non-repeatable levels by time:
     D:1: 743 daAuts
     D:2: 681 daAuts
